 Dungeon Crawl Stone Soup version 0.30.0 (webtiles) character file.

Game seed: 2210020634700056352

8951132 cowcow the Heavyweight Champion (level 27, 326/326 HPs)
             Began as a Troll Fighter on May 23, 2023.
             Was the Champion of Cheibriados.
             Escaped with the Orb
             ... and 10 runes on May 28, 2023!
             The game lasted 06:17:18 (81315 turns).

cowcow the Heavyweight Champion (Troll Fighter)    Turns: 81315, Time: 06:17:19

Health: 326/326    AC: 36    Str: 62    XL:     27
Magic:  31/32      EV: 29    Int: 23    God:    Cheibriados [******]
Gold:   7768       SH: 30    Dex: 21    Spells: 40/54 levels left

rFire   + .          .
                       - Unarmed
rCold   + . .        p - +4 tower shield {AC+3}
rNeg    + . .        U - melded +2 robe {Archmagi}
rPois   ∞            (helmet restricted)
rElec   +            k - scarf {rC+ rF+}
rCorr   .            (gloves unavailable)
SInv    .            (boots unavailable)
Will    ++...        j - amulet of Bihegennex {Regen+ Str+6}
Stlth   +            S - +4 ring of protection
HPRegen 2.34/turn    M - ring of the Hare {EV+10}
MPRegen 0.23/turn

%: no passive effects
@: statue-form, studying 2 skills, very slow
A: slow and powerful, torment resistance 1, boosted hp, large, unfitting armour,
claws 3, regeneration 1, (shaggy fur 2), (tough skin 1), camouflage 1, clever 1,
clumsy 1, deformed body, frail 1, low MP 2, sense surroundings 1, inability to
drink after injury 1
0: Orb of Zot
}: 10/15 runes: decaying, serpentine, slimy, silver, abyssal, demonic, glowing,
magical, fiery, dark
a: End Transformation, Renounce Religion, Bend Time, Temporal Distortion,
Slouch, Step From Time


You escaped.
You worshipped Cheibriados.
Cheibriados was exalted by your worship.
You were a living statue of rough stone.
You visited 11 branches of the dungeon, and saw 55 of its levels.
You visited Pandemonium 2 times, and saw 14 of its levels.
You visited the Abyss 13 times.
You visited 2 bazaars.
You also visited: Trove, Ossuary, Bailey, Gauntlet and Desolation.

You collected 10511 gold pieces.
You spent 2743 gold pieces at shops.

Inventory:

Hand Weapons
 a - the +6 sword of Cerebov {flame}
   (You took it off Cerebov in Pandemonium)
Missiles
 l - 11 silver javelins
 t - 32 boomerangs
 u - 102 large rocks (quivered)
 A - 4 silver boomerangs
 Q - 25 curare-tipped darts
 W - 7 throwing nets
Armour
 k - a scarf of resistance (worn)
 p - a +4 tower shield of protection (worn)
 P - the +9 scales of the Dragon King {rPois rF+ rC+ Will+}
   (You took it off an orc warrior in a bailey)

   rF:        It protects you from fire.
   rC:        It protects you from cold.
   rPois:     It protects you from poison.
   Will:      It increases your willpower.
 U - a +2 robe of the Archmagi (melded)
 Z - a +2 tower shield of reflection
Jewellery
 d - the ring of the Contumacious God {Contam rPois Will+ MP+9 SInv}
   (You found it in Pandemonium)

   [ring of willpower]

   rPois:     It protects you from poison.
   MP:        It affects your magic capacity (+9).
   SInv:      It lets you see invisible.
   Contam:    It causes magical contamination when unequipped.
   Will:      It increases your willpower.
 g - a ring of resist corrosion
 j - the amulet of Bihegennex (around neck) {Regen+ Str+6}
   (You found it in a treasure trove)

   [amulet of regeneration]

   Str:       It affects your strength (+6).
   Regen:     It increases your rate of health regeneration.
 w - the ring of the Pharaoh's Fist {Ice rPois rN+++ rCorr Str-2}
   (You took it off Josephina on level 4 of the Realm of Zot)

   [ring of ice]

   It enhances your ice magic.
   Str:       It affects your strength (-2).
   rF:        It makes you vulnerable to fire.
   rC:        It protects you from cold.
   rPois:     It protects you from poison.
   rN:        It renders you almost immune to negative energy.
   rCorr:     It protects you from acid and corrosion.
 M - the ring of the Hare (right claw) {EV+10}
   (You found it in a Gauntlet)

   [ring of evasion]

   EV:        It affects your evasion (+10).
 R - the ring of Patyroz {rC+ Int+2 Dex-4 SInv}
   (You found it in Pandemonium)

   [ring of see invisible]

   Int:       It affects your intelligence (+2).
   Dex:       It affects your dexterity (-4).
   rC:        It protects you from cold.
   SInv:      It lets you see invisible.
 S - a +4 ring of protection (left claw)
 V - the amulet of the Air {Inacc Air Fly rElec RMsl}
   (You bought it in a shop on level 3 of the Snake Pit)

   [amulet of nothing]

   Inacc:     It reduces the accuracy of your attacks and spells.
   Air:       It enhances your air magic.
   rElec:     It insulates you from electricity.
   Fly:       It grants you flight.
   RMsl:      It protects you from missiles.
 Y - the ring of Qorrieph {rN+ Str+4 Dex-5 Slay+4}
   (You took it off a red devil in Pandemonium)

   [ring of slaying]

   Str:       It affects your strength (+4).
   Dex:       It affects your dexterity (-5).
   Slay:      It affects your accuracy & damage with ranged weapons and melee
   (+4).
   rN:        It protects you from negative energy.
Wands
 m - a wand of flame (89)
 y - a wand of mindburst (84)
 z - a wand of acid (48)
 B - a wand of digging (35)
 H - a wand of polymorph (33)
 K - a wand of iceblast (100)
Scrolls
 f - 5 scrolls of enchant armour
 n - 17 scrolls of poison
 o - 23 scrolls of teleportation
 q - 4 scrolls of silence
 r - 3 scrolls of blinking
 x - a scroll of brand weapon
 D - 13 scrolls of fear
 J - 5 scrolls of amnesia
 L - 11 scrolls of fog
 N - 7 scrolls of summoning
 O - 9 scrolls of magic mapping
 T - 5 scrolls of enchant weapon
Potions
 b - 6 potions of berserk rage
 c - 12 potions of might
 e - 6 potions of resistance
 h - 32 potions of curing
 i - 9 potions of flight
 s - 9 potions of lignification
 v - 17 potions of attraction
 C - 5 potions of invisibility
 E - 4 potions of magic
 F - 15 potions of heal wounds
 G - 8 potions of ambrosia
 I - 6 potions of cancellation
 X - 12 potions of brilliance


   Skills:
 * Level 17.6 Fighting
 * Level 14.6 Throwing
 + Level 14.9 Armour
 + Level 13.8 Dodging
 - Level 2.5 Stealth
 + Level 26.1 Shields
 O Level 27 Unarmed Combat
 * Level 14.3 Spellcasting
 - Level 12.1 Transmutations
 - Level 11.5 Earth Magic
 + Level 15.5 Invocations
 - Level 0.2 Evocations


You had 40 spell levels left.
You knew the following spells:

 Your Spells              Type           Power      Damage    Failure   Level
a - Beastly Appendage     Tmut           100%       N/A       1%          1
b - Statue Form           Tmut/Erth      42%        N/A       4%          6
c - Blade Hands           Tmut           32%        N/A       1%          5
d - Blink                 Tloc           32%        N/A       5%          2

Your spell library contained the following spells:

 Spells                   Type           Power      Damage    Failure   Level
 Sandblast                Erth           100%       2d20      1%          1
 Passwall                 Tmut/Erth      52%        N/A       1%          2
 Wereblood                Tmut           64%        N/A       1%          2
 Ignite Poison            Fire/Tmut/Pois 35%        N/A       1%          3
 Spider Form              Tmut/Pois      44%        N/A       1%          3
 Stone Arrow              Conj/Erth      86%        3d12      1%          3
 Petrify                  Tmut/Erth      63%        N/A       1%          4
 Lee's Rapid Deconstruct  Erth           31%        3d16*     1%          5
 Apportation              Tloc           32%        N/A       3%          1
 Foxfire                  Conj/Fire      64%        2x1d7     3%          1
 Freeze                   Ice            64%        1d7       3%          1
 Kiss of Death            Conj/Necr      64%        2d10      3%          1
 Magic Dart               Conj           64%        1d6       3%          1
 Necrotise                Necr           64%        1d7       3%          1
 Shock                    Conj/Air       64%        1d7       3%          1
 Slow                     Hex            64%        N/A       3%          1
 Summon Small Mammal      Summ           64%        N/A       3%          1
 Animate Armour           Summ/Erth      86%        N/A       3%          4
 Ice Form                 Ice/Tmut       44%        N/A       3%          4
 Leda's Liquefaction      Hex/Erth       21%        N/A       3%          4
 Call Imp                 Summ           32%        N/A       5%          2
 Cigotuvi's Dreadful Rot  Necr/Pois/Air  32%        N/A       5%          2
 Ensorcelled Hibernation  Hex/Ice        32%        N/A       5%          2
 Lesser Beckoning         Tloc           32%        N/A       5%          2
 Momentum Strike          Conj/Tloc      32%        3d8       5%          2
 Poisonous Vapours        Pois/Air       32%        N/A       5%          2
 Scorch                   Fire           32%        2d6       5%          2
 Searing Ray              Conj           32%        2d5       5%          2
 Static Discharge         Conj/Air       32%        2-4/arc   5%          2
 Sublimation of Blood     Necr           16%        N/A       5%          2
 Alistair's Intoxication  Tmut/Pois      29%        N/A       9%          5
 Irradiate                Conj/Tmut      22%        3d19      9%          5
 Yara's Violent Unravell  Hex/Tmut       22%        3d10      9%          5
 Call Canine Familiar     Summ           16%        N/A       11%         3
 Confusing Touch          Hex            16%        N/A       11%         3
 Frozen Ramparts          Ice            32%        1d5       11%         3
 Gell's Gravitas          Tloc           16%        N/A       11%         3
 Hailstorm                Conj/Ice       16%        3d6       11%         3
 Inner Flame              Hex/Fire       16%        N/A       11%         3
 Mephitic Cloud           Conj/Pois/Air  16%        N/A       11%         3
 Ozocubu's Armour         Ice            16%        N/A       11%         3
 Portal Projectile        Hex/Tloc       32%        N/A       11%         3
 Summon Guardian Golem    Hex/Summ       16%        N/A       11%         3
 Swiftness                Air            16%        N/A       11%         3
 Teleport Other           Tloc           16%        N/A       11%         3
 Tukima's Dance           Hex            16%        N/A       11%         3
 Vampiric Draining        Necr           16%        2d7       11%         3
 Volatile Blastmotes      Fire/Tloc      32%        2d12      11%         3
 Dragon Form              Tmut           32%        N/A       22%         7
 Airstrike                Air            8%         2d(2-18)  36%         4
 Anguish                  Hex/Necr       8%         N/A       36%         4
 Animate Dead             Necr           16%        N/A       36%         4
 Cause Fear               Hex            8%         N/A       36%         4
 Dispel Undead            Necr           16%        3d10      36%         4
 Flame Wave               Conj/Fire      16%        2d7       36%         4
 Fulminant Prism          Conj/Hex       8%         3d7       36%         4
 Iskenderun's Mystic Bla  Conj/Tloc      16%        2d5       36%         4
 Sticky Flame             Conj/Fire      16%        2d4       36%         4
 Summon Ice Beast         Ice/Summ       16%        N/A       36%         4
 Summon Lightning Spire   Summ/Air       16%        N/A       36%         4
 Iron Shot                Conj/Erth      21%        9d5       45%         6
 Agony                    Necr           16%        N/A       71%         5
 Fireball                 Conj/Fire      8%         3d6       71%         5
 Freezing Cloud           Conj/Ice/Air   8%         6-21      71%         5
 Iskenderun's Battlesphe  Conj           16%        2d7       71%         5
 Summon Forest            Summ/Tloc      8%         N/A       71%         5
 Summon Mana Viper        Hex/Summ       16%        N/A       71%         5
 Storm Form               Tmut/Air       22%        N/A       95%         7
 Conjure Ball Lightning   Conj/Air       8%         3x3d6     99%         6
 Death Channel            Necr           8%         N/A       99%         6
 Dispersal                Tloc           8%         N/A       99%         6
 Plasma Beam              Fire/Air       8%         2x1d20    99%         6
 Starburst                Conj/Fire      8%         6d4       99%         6
 Summon Cactus Giant      Summ           8%         N/A       99%         6
 Enfeeble                 Hex            8%         N/A       100%        7
 Haunt                    Necr/Summ      8%         N/A       100%        7
 Malign Gateway           Summ/Tloc      8%         N/A       100%        7
 Orb of Destruction       Conj           8%         9d6       100%        7
 Ozocubu's Refrigeration  Ice            8%         4d9       100%        7
 Borgnjor's Revivificati  Necr           8%         N/A       100%        8
 Discord                  Hex            8%         N/A       100%        8
 Infestation              Necr           8%         N/A       100%        8
 Maxwell's Capacitive Co  Air            8%         ∞         100%        8
 Necromutation            Tmut/Necr      22%        N/A       100%        8
 Summon Horrible Things   Summ           8%         N/A       100%        8
 Chain Lightning          Conj/Air       8%         3d10      100%        9
 Death's Door             Necr           8%         N/A       100%        9
 Dragon's Call            Summ           8%         N/A       100%        9
 Fire Storm               Conj/Fire      8%         8d2       100%        9
 Shatter                  Erth           31%        3d25*     100%        9


Dungeon Overview and Level Annotations

Branches:
Dungeon (15/15)            Temple (0/1) D:6            Lair (5/5) D:10
  Swamp (4/4) Lair:3        Snake (4/4) Lair:3        Slime (5/5) Lair:4
    Orc (2/2) D:10            Elf (3/3) Orc:2        Vaults (5/5) D:13
  Crypt (3/3) Vaults:2       Tomb (0/3) Crypt:3      Depths (4/4) D:15
    Zot (5/5) Depths:4    Ossuary (visited)          Bailey (visited)
Desolation (visited)      Gauntlet (visited)

Altars:
Cheibriados
Dithmenos
Elyvilon
Fedhas
Gozag
Kikubaaqudgha
Nemelex Xobeh
Okawaru
Qazlal
Ru
Sif Muna
Uskayaw
Xom
Yredelemnul
Jiyva
Lugonu

Shops:
D:4 *   D:12 *   Orc:2 [[=(   Elf:3 ?   Snake:2 !=:!   Snake:3 ::=   Vaults:3 (
Vaults:5 [   Depths:1 ?[

Portals:
Hell: Depths:1 Depths:2 Depths:3 Depths:4
Abyss: Depths:2 Depths:3
Pandemonium: Depths:2 Depths:4
Ziggurat: Depths:3

Annotations:
D:5 1 runed translucent door, geeeeen's ghost, weakling FeDe
D:12 2 transporters, 333guts333's ghost, journeyman MiGl
D:14 1 transporter
Lair:1 3 runed translucent doors, Vixxxy's ghost, journeyman DsFE
Swamp:4 exclusion: oklob plant
Snake:4 1 runed translucent door, Zonian's ghost, adept HOFi
Zot:3 1 transporter
Zot:4 3 transporters


Innate Abilities, Weirdness & Mutations

You are a living statue of rough stone.
Your actions are slow, but your melee attacks are powerful.
You are resistant to unholy torment.
Your maximum health is greatly increased.
You are immune to poison.
Your equipment is partially melded.
You are too large for most types of armour.
You have claws for hands.
Your natural rate of healing is unusually fast.
((You are covered in thick fur. (AC +2)))
((You have tough skin. (AC +1)))
Your skin changes colour to match your surroundings (Stealth+).
Your mind is acute. (Int +4, Str/Dex -1)
You are clumsy. (Dex -2)
Armour fits poorly on your strangely shaped body.
You are frail. (-10% HP)
Your magical capacity is very low. (-20% MP)
You passively map a small area around you.
You occasionally lose the ability to drink potions when taking damage.


Message History

Your +2 robe of the Archmagi unmelds from your body.
You feel powerful.
There is a stone staircase leading up here.
You climb upwards.
There is a stone staircase leading down here.
You enter the shallow water.
There is a staircase leading out of the dungeon here.
A blizzard demon comes into view.
The blizzard demon shouts!
A demonspawn blood saint comes into view.
It is wielding a +0 dagger.
The demonspawn blood saint shouts!
The blizzard demon waves its arms in wide circles.
The air twists around and strikes you!! The blizzard demon gestures at you.
The freezing blast engulfs you! You resist.
Unknown command.
Casting: Statue Form (mildly dangerous; 4% risk of failure)
Confirm with . or Enter, or press ? or * to list all spells.
You feel a surge of power!
You turn into a living statue of rough stone.
Your +2 robe of the Archmagi melds into your body.
You feel strangely numb.
You are engulfed in freezing vapours.
You resist.
Unknown command.
You eviscerate the blizzard demon!!!!
You kill the blizzard demon!
Cheibriados thoroughly appreciates the change of pace.
You are engulfed in freezing vapours.
You resist.
You are engulfed in freezing vapours.
You resist.
You block the demonspawn blood saint's attack. x2
The demonspawn blood saint barely misses you.
Unknown command.
You eviscerate the demonspawn blood saint!!!!!
You kill the demonspawn blood saint!
Cheibriados appreciates the change of pace.
You are engulfed in freezing vapours.
You resist.
Things that are here:
a +0 dagger; a +0 robe; a demonspawn corpse
There is a staircase leading out of the dungeon here.
HP restored.
You have escaped!

#..### #.#.... #....#
##.##... #..#.# #.......
######.#########....#..
#~~~~♣~♣~~~~#.........#
#~.♣)......~#####.##.##
#~♣♣♣......~# #.##.#
###♣.♣.......♣### #.##.#
#..~....8....~..###....#
#.#♣.P.....P.♣#......#.#
#.#~PPP...PPP~##.##..#.#
#.#~.P.....P.~##.###.#.##
#.#~...♣.♣...~##.# #.#...
#.#~~~~♣.♣~~~~##.# #.###.
#.######.#######.# #.# #.
#..###...# #.###.# #.
#......### #..##.# #.


There were no monsters in sight!

Vanquished Creatures
  Cerebov (Pan)
  10 pandemonium lords
  the Royal Jelly (Slime:5)
  Gloorx Vloq (Pan)
  Ignacio (Pan)
  2 seraphim (Zot:5)
  Lom Lobon (Pan)
  Mnoleg (Pan)
  6 dread liches
  2 orbs of fire (Zot:5)
  Mara (Swamp:3)
  7 ancient liches
  Mennas (Pan)
  A juggernaut (Depths:2)
  Sojobo (Vaults:4)
  Josephina (Zot:4)
  Parghit (Zot:1)
  Vv (Depths:2)
  Vashnia (Snake:3)
  Frederick (Vaults:4)
  Saint Roka (Crypt:3)
  3 Killer Klowns (Zot:5)
  3 caustic shrikes
  Nikola (Swamp:3)
  17 golden dragons
  A pearl dragon (Abyss:7)
  8 bone dragons
  4 electric golems
  The ghost of 333guts333 the Fencer, an adept MiGl of Okawaru (Depths:4)
  A profane servitor (Abyss:6)
  8 Tzitzimimeh
  Zenata (Vaults:1)
  A Hell Sentinel (D:7)
  5 Brimstone Fiends (Pan)
  25 tentacled monstrosities
  2 hellephants
  6 Ice Fiends
  A walking crystal tome (Depths:2)
  A shard shrike skeleton (Abyss:3)
  2 quicksilver dragons
  12 liches
  27 Orb Guardians
  2 walking earthen tomes
  6 titans
  3 deep elf blademasters
  2 deep elf master archers (Elf:3)
  8 death cobs
  Kirke (D:15)
  7 ancient champions
  4 sphinxes
  19 tentacled starspawn
  33 Executioners
  20 acid blobs
  A kraken (Abyss:3)
  16 storm dragons
  8 tengu reavers
  4 shadow dragons
  Donald (Swamp:4)
  8 draconian knights
  4 draconian monks
  12 fire giants
  11 rockslimes
  A daeva (Abyss:3)
  5 nagarajas (Snake:4)
  7 revenants
  6 demonspawn warmongers (Pan)
  10 azure jellies
  12 vault wardens
  6 deep elf sorcerers
  5 ghost moths
  9 frost giants
  2 iron dragons (Vaults:4)
  Aizul (Snake:2)
  4 ghouls
  2 imperial myrmidons (Desolation)
  A spectral caustic shrike (Crypt:3)
  5 curse skulls
  A spectral juggernaut (Crypt:3)
  29 balrugs
  9 draconian scorchers
  6 deep elf elementalists
  17 reapers
  31 cacodemons
  2 spriggan defenders (Depths:4)
  3 juggernaut skeletons
  10 draconian annihilators
  8 very ugly things
  12 demonspawn corrupters
  4 war gargoyles
  17 stone giants
  4 angels
  12 draconian shifters
  6 quicksilver oozes
  12 draconian stormcallers
  15 ironbound preservers
  An orc warlord (Vaults:1)
  A rockslime zombie (Crypt:3)
  6 demonspawn blood saints
  An ophan (Abyss:3)
  2 ironbound thunderhulks
  11 deep elf demonologists
  6 eleionomae
  14 green draconians
  2 vampire knights
  11 lorocyprocas
  A halazid warlock (Desolation)
  7 demonspawn black suns (Pan)
  8 white draconians
  A minotaur (Gauntlet)
  13 deep elf annihilators
  20 dire elephants
  18 black draconians
  7 bunyips
  23 purple draconians
  13 yellow draconians
  The ghost of Hiywul the Fighter, a journeyman MiHu of Trog (Lair:4)
  6 red draconians
  5 crystal guardians
  18 green deaths
  10 deep elf death magi
  8 eidola
  11 fire dragons
  9 ettins
  6 ragged hierophants (Desolation)
  31 blizzard demons
  2 entropy weavers (Vaults:1)
  16 yaktaur captains
  3 shambling mangroves
  9 great orbs of eyes
  A spriggan zombie (Crypt:3)
  6 hell beasts
  24 jiangshi
  4 deep elf high priests
  8 rakshasas
  Fannar (Lair:2)
  2 juggernaut simulacra (Pan)
  8 peacekeepers
  34 vault guards
  5 ghost crabs
  6 hydras
  3 centaur warriors
  3 salamander tyrants
  4 spriggan skeletons (Pan)
  4 ogre magi
  2 spriggan air magi
  7 ice dragons
  9 ironbound frosthearts
  4 servants of whispers (Desolation)
  10 two-headed ogres
  5 boulder beetles
  14 anacondas
  5 catoblepae
  3 fenstrider witch skeletons (Pan)
  Erica (D:10)
  4 alligators
  5 death knights
  8 deep troll earth magi
  12 death yaks
  A merfolk aquamancer (Depths:3)
  33 thrashing horrors
  11 tengu warriors
  15 naga warriors
  7 deep troll shamans
  A hell hog (Abyss:3)
  3 spriggan berserkers
  26 dancing weapons
  4 orc high priests (Orc:2)
  15 naga sharpshooters
  12 shock serpents
  18 hell knights
  92 sun demons
  58 soul eaters
  2 spectral dire elephants (Crypt:3)
  13 vampire magi
  Sonja (Lair:2)
  2 titan skeletons
  16 wretched stars
  Amaemon (Lair:2)
  3 salamander mystics
  A fire crab (Abyss:3)
  A bunyip zombie (Abyss:3)
  16 deep elf knights
  8 skeletal warriors
  A storm dragon skeleton (Pan)
  11 iron trolls
  46 sixfirhies
  3 cherubim
  2 skysharks (Lair:4)
  7 spatial maelstroms
  23 shadow wraiths
  8 swamp dragons
  A quicksilver dragon simulacrum (Depths:1)
  Lodul (D:11)
  6 goliath frogs
  47 deep trolls
  5 glowing orange brains
  2 death drakes
  2 spriggan druids
  9 flayed ghosts
  14 deep elf archers
  12 shadow demons
  7 naga ritualists
  An obsidian statue (Zot:5)
  30 phantasmal warriors
  An anaconda skeleton (Pan)
  2 spectral hydras (Swamp:4)
  2 bunyip skeletons (Pan)
  14 wizards
  23 ironbound convokers
  12 bog bodies
  5 orc knights
  37 deep elf pyromancers
  5 lindwurms
  8 necromancers
  A shadow dragon skeleton (Crypt:3)
  A shining eye (shapeshifter) (Depths:1)
  35 ugly things
  14 salamanders
  11 mana vipers
  6 cyclopes
  7 manticores
  24 deep elf zephyrmancers
  An oklob plant (Gauntlet)
  4 orc sorcerers
  6 will-o-the-wisps
  4 worldbinders (Abyss:3)
  A spectral alligator snapping turtle (Crypt:3)
  12 shining eyes
  An elephant (shapeshifter) (Vaults:4)
  A jorogumo skeleton (Crypt:1)
  A stone giant skeleton (Pan)
  22 moths of wrath
  A toenail golem (Depths:1)
  3 apocalypse crabs
  13 naga magi
  75 smoke demons
  20 vault sentinels
  An eleionoma skeleton (Crypt:2)
  An eye of devastation (Pan)
  3 rust devils
  7 elephants
  An alligator snapping turtle zombie (Crypt:3)
  14 guardian serpents
  51 orange demons
  3 ice statues (Pan)
  Maggie (D:7)
  35 black mambas
  13 cane toads
  A torpor snail (Lair:4)
  4 unseen horrors
  4 gargoyles
  2 storm dragon simulacra (Zot:4)
  A minotaur zombie (Gauntlet)
  4 hellions
  3 centaur skeletons
  66 demonic crawlers
  A naga skeleton (Crypt:3)
  3 swamp worm zombies (Swamp:4)
  12 freezing wraiths
  4 rime drakes
  5 komodo dragons
  23 yaktaurs
  A spectral naga (Crypt:3)
  2 kobold demonologists
  3 tengu conjurers
  2 hydra zombies (Swamp:4)
  6 tormentors
  14 efreet
  A green draconian skeleton (Crypt:3)
  8 ice devils
  A bloated husk (Swamp:4)
  8 trolls
  13 red devils
  20 ancient zymes
  2 guardian mummies
  A catoblepas skeleton (Pan)
  17 hellwings
  5 tyrant leeches
  2 silent spectres
  129 large abominations
  2 harpy zombies
  A polar bear (Lair:1)
  41 saltlings (Desolation)
  A tyrant leech (shapeshifter) (Abyss:3)
  15 hornets
  41 raiju
  2 hydra skeletons (Pan)
  3 spectral swamp dragons
  10 blink frogs
  A blink frog (shapeshifter) (Elf:2)
  5 alligator zombies (Swamp:4)
  An ettin zombie (Abyss:3)
  2 harpy skeletons (Pan)
  2 centaur simulacra
  2 ettin skeletons
  103 slime creatures
  9 flying skulls (Crypt:3)
  11 shadows
  A yak (shapeshifter) (Elf:3)
  A black mamba zombie (Crypt:3)
  5 water elementals
  A spriggan (shapeshifter) (Abyss:3)
  2 air elementals (Elf:3)
  43 ynoxinuls
  71 yaks
  A vampire (Abyss:3)
  9 spriggans
  7 wyverns
  A black mamba skeleton (Pan)
  2 fire bats (Abyss:3)
  4 basilisks
  11 golden eyes
  A wyvern (shapeshifter) (Depths:2)
  3 steam dragons
  A steam dragon (shapeshifter) (Vaults:4)
  12 wraiths
  3 fire elementals
  3 humans (shapeshifter)
  46 neqoxecs
  42 chaos spawn
  2 vampire mosquitoes (D:12)
  5 hogs
  8 wargs
  A swamp worm (shapeshifter) (Vaults:4)
  An acid dragon (Gauntlet)
  A two-headed ogre zombie (Crypt:1)
  Edmund (D:5)
  24 nagas
  7 spatial vortices
  19 swamp worms
  Duvessa (D:7)
  14 water moccasins
  6 floating eyes
  26 small abominations
  4 hell hounds (Abyss:3)
  A faun skeleton (Crypt:3)
  A deep troll skeleton (Pan)
  2 moth of wrath simulacra (Zot:4)
  2 sky beasts (shapeshifter)
  2 swamp drakes (Swamp:1)
  2 sky beasts
  33 orc warriors
  7 ice beasts
  4 black bears
  5 swamp dragon zombies (Swamp:4)
  16 ogres
  11 wolves
  A snapping turtle skeleton (Crypt:2)
  A boggart (D:13)
  8 centaurs
  A manticore skeleton (Crypt:1)
  2 hog skeletons
  31 kobold brigands
  8 phantoms
  14 bullfrogs
  A gnoll sergeant (D:7)
  3 necrophages
  A cyclops zombie (Crypt:1)
  A draconian skeleton (Crypt:3)
  An elf skeleton (Crypt:1)
  3 earth elementals
  3 scorpions
  A wyvern skeleton (Crypt:1)
  18 wights
  A hornet simulacrum (D:15)
  Dowan (D:7)
  8 killer bees (D:10)
  3 howler monkeys
  2 electric eels
  2 crimson imps (Pan)
  A centaur zombie (Ossuary)
  3 quasits (Abyss:3)
  2 hounds
  A bullfrog skeleton (Crypt:3)
  11 jellies
  A gnoll bouda (D:9)
  54 starcursed masses
  29 orc priests
  Crazy Yiuf (D:5)
  3 iron imps (Abyss:3)
  2 sleepcaps
  6 iguanas
  30 orc wizards
  2 naga zombies
  11 mummies (Crypt:3)
  7 gnolls
  4 swamp drake zombies (Swamp:4)
  6 adders
  2 white imps (Abyss:3)
  6 ufetubi (Abyss:3)
  An adder zombie (Ossuary)
  2 worms (D:2)
  3 dart slugs
  69 orcs
  2 bats
  26 endoplasms
  3 giant cockroaches
  7 hobgoblins
  8 jackals
  7 quokkas
  4 ball pythons
  A ball python (shapeshifter) (Vaults:4)
  2 ball python skeletons (Ossuary)
  A dart slug zombie (Crypt:2)
  5 frilled lizards
  12 goblins
  3 hobgoblin skeletons (Ossuary)
  A jackal skeleton (Crypt:1)
  26 kobolds
  A kobold zombie (Ossuary)
  2 orc zombies
  5 rats
  A river rat zombie (Crypt:2)
  2 fire vortices (Pan)
  8 plants (Pan)
  5 starspawn tentacles
  2 tentacles (Abyss:3)
  A withered plant (Depths:1)
3824 creatures vanquished.

Vanquished Creatures (others)
  A tengu reaver (Vaults:5)
  An eldritch tentacle (Pan)
  A shadow dragon (Vaults:5)
  A storm dragon (Depths:4)
  A thorn hunter (Swamp:3)
  A draconian knight (Zot:2)
  An eidolon (Depths:2)
  A ragged hierophant (Desolation)
  A rakshasa (Pan)
  A hydra (Swamp:2)
  A thrashing horror (Abyss:3)
  3 deep elf knights
  A goliath frog (Swamp:2)
  A phantasmal warrior (Swamp:4)
  A wizard (Vaults:3)
  2 deep elf pyromancers (Elf:3)
  A deep elf zephyrmancer (Vaults:5)
  A smoke demon (Pan)
  3 bloated husks
  A tyrant leech (Swamp:2)
  A draconian simulacrum (Zot:4)
  2 small abominations (Abyss:3)
  2 saltlings (Desolation)
  A ynoxinul (Pan)
  A water elemental (Elf:2)
  2 large abominations
  A human (Depths:3)
  A golden eye (Pan)
  A neqoxec (Pan)
  An orc warrior (Vaults:5)
  A phantom (Swamp:4)
  A starcursed mass (Abyss:3)
  2 briar patches (Swamp:3)
  7 demonic plants
  24 foxfires
  23 fungi
  2 lurking horrors (Abyss:3)
  66 plants
  48 starspawn tentacles
  8 tentacles (Abyss:3)
  5 toadstools (D:1)
  4 withered plants
229 creatures vanquished.

Grand Total: 4053 creatures vanquished

Notes
Turn   | Place    | Note
-------+----------+-------------------------------------------
     0 | D:1      | cowcow the Troll Fighter began the quest for the Orb.
     0 | D:1      | Reached XP level 1. HP: 22/22 MP: 0/0
    92 | D:1      | Reached XP level 2. HP: 29/29 MP: 1/1
   405 | D:1      | Reached XP level 3. HP: 36/36 MP: 2/2
   833 | D:2      | Reached XP level 4. HP: 40/44 MP: 3/3
   942 | D:2      | Found a snail-covered altar of Cheibriados.
   976 | D:2      | Became a worshipper of Cheibriados the Contemplative
  1419 | D:3      | Reached skill level 3 in Unarmed Combat
  1474 | D:3      | Reached * piety under Cheibriados
  1581 | D:3      | Found a sacrificial altar of Ru.
  1587 | D:3      | Reached XP level 5. HP: 45/52 MP: 4/4
  1949 | D:4      | Reached skill level 4 in Unarmed Combat
  2223 | D:4      | Reached ** piety under Cheibriados
  2224 | D:4      | Reached XP level 6. HP: 35/59 MP: 2/5
  2264 | D:4      | Found Kitiuhitz's CLEARANCE SALE!.
  2362 | D:5      | Entered Level 5 of the Dungeon
  2391 | D:5      | Found a sand-covered staircase.
  2400 | Ossuary  | Entered an ossuary
  2515 | Ossuary  | Noticed a flying skull
  2515 | Ossuary  | Noticed a wraith
  2526 | Ossuary  | Noticed a flying skull
  2551 | Ossuary  | Noticed a flying skull
  2565 | Ossuary  | Reached skill level 1 in Invocations
  2604 | Ossuary  | Noticed a wraith
  2620 | Ossuary  | Killed a wraith
  2621 | Ossuary  | Reached skill level 5 in Unarmed Combat
  2621 | Ossuary  | Reached XP level 7. HP: 65/66 MP: 4/7
  2657 | Ossuary  | Noticed a wraith
  2667 | Ossuary  | Killed a wraith
  2777 | D:5      | Found a runed translucent door.
  2778 | D:5      | Noticed Crazy Yiuf
  2822 | D:5      | Reached skill level 1 in Stealth
  2889 | D:5      | Noticed a shadow
  2897 | D:5      | Killed a shadow
  2898 | D:5      | Reached XP level 8. HP: 46/75 MP: 3/8
  2993 | D:5      | Reached skill level 6 in Unarmed Combat
  2993 | D:5      | Found a white marble altar of Elyvilon.
  3086 | D:5      | Found a hide-covered altar of Uskayaw.
  3196 | D:5      | Found an iron altar of Okawaru.
  3206 | D:5      | Found a shadowy altar of Dithmenos.
  3211 | D:5      | Found an opulent altar of Gozag.
  3211 | D:5      | Found a shimmering blue altar of Sif Muna.
  3346 | D:5      | Reached *** piety under Cheibriados
  3423 | D:5      | Reached skill level 1 in Throwing
  3477 | D:5      | Noticed Edmund
  3489 | D:5      | Killed Edmund
  3490 | D:5      | Reached skill level 5 in Shields
  3490 | D:5      | Reached skill level 7 in Unarmed Combat
  3496 | D:5      | Found a runed translucent door.
  3534 | D:5      | Noticed geeeeen's ghost (weakling FeDe)
  3663 | D:5      | Killed Crazy Yiuf
  3828 | D:6      | Reached XP level 9. HP: 70/83 MP: 8/10
  3849 | D:6      | Found a blossoming altar of Fedhas.
  4331 | D:6      | Found a staircase to the Ecumenical Temple.
  4389 | D:6      | Identified a scroll of acquirement
  4395 | D:6      | Acquired a manual of Unarmed Combat
  4448 | D:7      | Found a flagged portal.
  4458 | D:7      | Reached skill level 8 in Unarmed Combat
  4478 | D:7      | Reached **** piety under Cheibriados
  4509 | Bailey   | Entered a bailey
  4636 | Bailey   | Reached skill level 9 in Unarmed Combat
  4640 | Bailey   | Reached skill level 5 in Dodging
  4640 | Bailey   | Reached skill level 5 in Invocations
  4662 | Bailey   | Reached XP level 10. HP: 47/92 MP: 5/12
  4721 | Bailey   | Found a bloodstained altar of Trog.
  4942 | D:7      | Noticed Maggie
  4954 | D:7      | Killed Maggie
  4955 | D:7      | Reached skill level 10 in Unarmed Combat
  4987 | D:7      | Noticed Duvessa
  4997 | D:7      | Killed Duvessa
  4998 | D:7      | Noticed Dowan
  5006 | D:7      | Killed Dowan
  5114 | D:7      | Reached ***** piety under Cheibriados
  5208 | D:7      | Reached skill level 1 in Armour
  5644 | D:8      | Reached skill level 11 in Unarmed Combat
  5706 | D:8      | Noticed a two-headed ogre
  5716 | D:8      | Killed a two-headed ogre
  5724 | D:8      | Noticed a boulder beetle
  5746 | D:8      | Noticed a green ugly thing
  5750 | D:8      | Killed a boulder beetle
  5751 | D:8      | Reached skill level 12 in Unarmed Combat
  5754 | D:8      | Killed a green ugly thing
  5813 | D:8      | Reached XP level 11. HP: 100/100 MP: 14/14
  6757 | D:9      | Reached skill level 13 in Unarmed Combat
  7066 | D:10     | Entered Level 10 of the Dungeon
  7328 | D:10     | Reached ****** piety under Cheibriados
  7476 | D:10     | Found a staircase to the Lair.
  7662 | D:10     | Reached skill level 14 in Unarmed Combat
  7670 | D:10     | Noticed Erica
  7684 | D:10     | Killed Erica
  7743 | D:10     | Found a staircase to the Orcish Mines.
  7752 | D:10     | Found an ancient bone altar of Kikubaaqudgha.
  8087 | D:11     | Found a gate leading to a gauntlet.
  8119 | Gauntlet | Entered a Gauntlet
  8119 | Gauntlet | Found a transporter.
  8119 | Gauntlet | Found a transporter.
  8121 | Gauntlet | Found a transporter.
  8125 | Gauntlet | Found a transporter.
  8125 | Gauntlet | Found a transporter.
  8143 | Gauntlet | Noticed an oklob plant
  8155 | Gauntlet | Found a transporter.
  8159 | Gauntlet | Found a transporter.
  8161 | Gauntlet | Noticed a thrashing horror
  8163 | Gauntlet | Noticed a thrashing horror
  8167 | Gauntlet | Found a transporter.
  8182 | Gauntlet | Noticed an orange crystal statue
  8183 | Gauntlet | Found a transporter.
  8199 | Gauntlet | Found a transporter.
  8202 | Gauntlet | Found a transporter.
  8206 | Gauntlet | Found a runed translucent door.
  8206 | Gauntlet | Found a runed translucent door.
  8214 | Gauntlet | Found a transporter.
  8361 | Gauntlet | Identified the ring of Imenibluase {*Corrode Fly rF+ Str-4
                  | Stlth+}
  8370 | Gauntlet | Killed an oklob plant
  8459 | Gauntlet | Noticed a minotaur
  8474 | Gauntlet | Killed a minotaur
  8475 | Gauntlet | Reached XP level 12. HP: 75/107 MP: 9/16
  8475 | Gauntlet | Found the ring of the Hare {EV+10}
  8777 | D:11     | Reached skill level 15 in Unarmed Combat
  8995 | D:11     | Noticed Lodul
  9005 | D:11     | Killed Lodul
  9099 | Lair:1   | Entered Level 1 of the Lair of Beasts
  9099 | Lair:1   | You fall into a shaft and drop 1 floor!
  9099 | Lair:2   | Noticed Sonja
  9104 | Abyss:2  | Cast into level 2 of the Abyss (Sonja)
  9184 | Abyss:2  | Noticed a bone dragon
  9195 | Abyss:2  | Killed a bone dragon
  9196 | Abyss:2  | Reached skill level 16 in Unarmed Combat
  9209 | Abyss:2  | Noticed a tentacled starspawn
  9220 | Abyss:2  | Killed a tentacled starspawn
  9276 | Abyss:2  | Reached skill level 5 in Armour
  9337 | Abyss:2  | Noticed a bone dragon
  9350 | Lair:2   | Escaped the Abyss
  9400 | Lair:2   | Reached XP level 13. HP: 95/105 MP: 14/18
  9453 | Lair:2   | Noticed Amaemon
  9460 | Lair:2   | Killed Amaemon
  9490 | Lair:2   | Noticed Fannar
  9498 | Lair:2   | Killed Fannar
  9801 | Lair:2   | Killed Sonja
 10196 | Lair:1   | Reached skill level 17 in Unarmed Combat
 10288 | Lair:1   | Found a runed translucent gate.
 10288 | Lair:1   | Found a runed translucent gate.
 10288 | Lair:1   | Found a runed translucent gate.
 10707 | Lair:1   | Noticed Vixxxy's ghost (journeyman DsFE)
 10995 | Lair:3   | Found a staircase to the Snake Pit.
 11024 | Lair:3   | Reached skill level 10 in Shields
 11158 | Lair:3   | Reached skill level 5 in Throwing
 11720 | Lair:3   | Found a staircase to the Swamp.
 11884 | Lair:4   | Reached skill level 10 in Invocations
 11908 | Lair:4   | Reached XP level 14. HP: 124/124 MP: 20/20
 11925 | Lair:4   | Found a staircase to the Slime Pits.
 12066 | Lair:4   | Noticed Hiywul's ghost (journeyman MiHu)
 12104 | Lair:4   | Found a transporter.
 12135 | Lair:4   | Found a transporter.
 12572 | Lair:5   | Entered Level 5 of the Lair of Beasts
 12634 | Lair:4   | Reached skill level 18 in Unarmed Combat
 13874 | Orc:1    | Entered Level 1 of the Orcish Mines
 14188 | Orc:2    | Entered Level 2 of the Orcish Mines
 14650 | Orc:2    | Found a staircase to the Elven Halls.
 14681 | Orc:2    | Reached skill level 19 in Unarmed Combat
 14928 | Orc:2    | Found Hoxopp's Weapon Emporium.
 14928 | Orc:2    | Found Caparghuq's Antique Armour Shoppe.
 14929 | Orc:2    | Found Optagot's Antique Armour Shoppe.
 14933 | Orc:2    | Found Founuxz Liyr's Jewellery Emporium.
 15347 | D:12     | Found a transporter.
 15352 | D:12     | Reached XP level 15. HP: 127/132 MP: 19/22
 15353 | D:12     | Noticed 333guts333's ghost (journeyman MiGl)
 15587 | D:12     | Found a transporter.
 15728 | D:12     | Found Ihano's Assorted Antiques.
 15817 | D:12     | Found a shimmering altar of Xom.
 16185 | D:13     | Found a gate to the Vaults.
 16237 | D:13     | You fall into a shaft and drop 1 floor!
 16313 | D:14     | Found a flickering gateway to a bazaar.
 16361 | Bazaar   | Entered a bazaar
 16364 | Bazaar   | Found Gushrest's Assorted Antiques.
 16366 | Bazaar   | Found Laibb's Book Emporium.
 16371 | Bazaar   | Found Fom Omuo's Distillery.
 16371 | Bazaar   | Found Gumur's General Store.
 16400 | Bazaar   | Bought a scroll of teleportation for 96 gold pieces
 16400 | Bazaar   | Bought a potion of curing for 96 gold pieces
 16406 | Bazaar   | Bought a potion of curing for 33 gold pieces
 16406 | Bazaar   | Bought a potion of heal wounds for 55 gold pieces
 16406 | Bazaar   | Bought a potion of curing for 33 gold pieces
 16406 | Bazaar   | Bought a potion of berserk rage for 55 gold pieces
 16406 | Bazaar   | Bought a potion of berserk rage for 55 gold pieces
 16406 | Bazaar   | Bought a potion of heal wounds for 55 gold pieces
 17708 | D:14     | Found a transporter.
 18039 | D:15     | Entered Level 15 of the Dungeon
 18088 | D:15     | Noticed Kirke
 18092 | D:15     | Noticed a sphinx
 18529 | D:15     | Killed Kirke
 18715 | D:15     | Found a staircase to the Depths.
 18832 | D:15     | Reached XP level 16. HP: 140/140 MP: 24/24
 19179 | Swamp:1  | Entered Level 1 of the Swamp
 19252 | Swamp:1  | Reached skill level 20 in Unarmed Combat
 19355 | Swamp:1  | Reached skill level 5 in Fighting
 20130 | Swamp:2  | Reached skill level 1 in Spellcasting
 20271 | Swamp:2  | Identified the +0 cloak "Hieliod" {rC+ Int+2}
 20627 | Swamp:3  | Noticed Nikola
 20636 | Swamp:3  | Noticed a thorn hunter
 20639 | Swamp:3  | Killed a thorn hunter
 20643 | Swamp:3  | Killed Nikola
 20706 | Swamp:3  | Noticed Mara
 20732 | Swamp:3  | Noticed cowcow's illusion
 20734 | Swamp:3  | Killed Mara
 21172 | Swamp:4  | Entered Level 4 of the Swamp
 21177 | Swamp:4  | Noticed Donald
 21592 | Swamp:4  | Killed Donald
 22060 | Swamp:4  | Noticed a bone dragon
 22213 | Swamp:4  | Killed a bone dragon
 22214 | Swamp:4  | Reached XP level 17. HP: 144/149 MP: 22/25
 22258 | Swamp:4  | Got a decaying rune of Zot
 22870 | Snake:1  | Entered Level 1 of the Snake Pit
 23493 | Lair:3   | Reached skill level 21 in Unarmed Combat
 24027 | Snake:2  | Found Irphalag's Jewellery Shoppe.
 24145 | Snake:2  | Found Ciheges's Distillery.
 24477 | Snake:2  | Found Tiquj's Book Boutique.
 24621 | Snake:2  | Found Ucsaen's Distillery.
 24626 | Snake:2  | Bought 2 potions of heal wounds for 130 gold pieces
 24665 | Snake:2  | Noticed Aizul
 24678 | Snake:2  | Killed Aizul
 25597 | Snake:2  | Got the Guide on Transition
 25598 | Snake:2  | Identified the +1 chain mail of the Lotus Blossom {-Tele
                  | Will+ Int+3}
 26262 | Snake:3  | Noticed Vashnia
 26334 | Snake:3  | Killed Vashnia
 26800 | Snake:3  | Found a white marble altar of Elyvilon.
 26848 | Snake:3  | Found Lifi's Jewellery Boutique.
 26848 | Snake:3  | Found Irghysuta's Book Emporium.
 26849 | Snake:3  | Found Qoxiaj's Book Emporium.
 26863 | Snake:3  | Bought the amulet of the Air {Inacc Air Fly rElec RMsl} for
                  | 639 gold pieces
 26863 | Snake:3  | Found the amulet of the Air {Inacc Air Fly rElec RMsl}
 27075 | Snake:4  | Entered Level 4 of the Snake Pit
 27088 | Snake:4  | Reached XP level 18. HP: 120/148 MP: 27/27
 27717 | Snake:4  | Found a runed translucent door.
 27718 | Snake:4  | Noticed Zonian's ghost (adept HOFi)
 27864 | Snake:4  | Identified the +5 rapier of the Well-Known Wars {spect,
                  | rElec rN+ Int+3}
 28236 | Snake:4  | Reached skill level 5 in Spellcasting
 28353 | Snake:4  | Got a serpentine rune of Zot
 28436 | Snake:4  | Learned a level 1 spell: Beastly Appendage
 28668 | Elf:1    | Entered Level 1 of the Elven Halls
 28734 | Elf:1    | Reached skill level 10 in Armour
 28767 | Elf:1    | Identified the +8 flail of Dion {vamp, +Blink Int+3}
 28781 | Elf:1    | Reached skill level 1 in Transmutations
 29604 | Elf:2    | Reached skill level 22 in Unarmed Combat
 29762 | Elf:2    | Reached skill level 15 in Shields
 30119 | Elf:2    | Found a runed translucent gate.
 30119 | Elf:2    | Found a runed translucent gate.
 30119 | Elf:2    | Found a runed translucent gate.
 30434 | Elf:2    | Reached XP level 19. HP: 83/167 MP: 28/28
 30817 | Elf:3    | Entered Level 3 of the Elven Halls
 31193 | Elf:3    | Found Rowkoneps's Magic Scroll Shoppe.
 31199 | Elf:3    | Bought a scroll of teleportation for 63 gold pieces
 31199 | Elf:3    | Bought a scroll of summoning for 199 gold pieces
 31199 | Elf:3    | Bought a scroll of teleportation for 63 gold pieces
 31199 | Elf:3    | Bought a scroll of teleportation for 63 gold pieces
 31638 | Elf:3    | Identified the staff of poison "Fyipuen" {Fly rPois}
 31715 | Elf:3    | Noticed a Tzitzimitl
 31737 | Elf:3    | Noticed a Tzitzimitl
 31737 | Elf:3    | Identified the +1 bardiche of Kacut {distort, rPois rF+}
 31744 | Elf:3    | Noticed a Brimstone Fiend
 31750 | Elf:3    | HP: 6/169 [???[a deep elf demonologist] (4)]
 31751 | Elf:3    | Noticed a Tzitzimitl
 31982 | Elf:3    | Noticed a Tzitzimitl
 32006 | Elf:3    | Identified the +5 spear of Deflation {venom, rN+ Str+4
                  | Dex-4}
 32142 | Elf:3    | Noticed a Tzitzimitl
 32559 | Abyss:3  | Cast into level 3 of the Abyss (a deep elf sorcerer)
 32560 | Abyss:3  | Noticed a bone dragon
 32564 | Elf:3    | Escaped the Abyss
 32578 | Elf:3    | Noticed a Brimstone Fiend
 32581 | Elf:3    | Killed a bone dragon
 33024 | Elf:3    | Identified the staff of conjuration "Yriquist" {Will+
                  | Dex+4}
 33375 | Vaults:1 | Entered Level 1 of the Vaults
 33375 | Vaults:1 | You are sucked into a shaft and drop 1 floor!
 33501 | Vaults:1 | Found a gateway to a bazaar.
 33513 | Bazaar   | Entered a bazaar
 33514 | Bazaar   | Found Ralo's Book Emporium.
 33532 | Bazaar   | Found Korphel's General Store.
 33541 | Bazaar   | Found Kuucsab's Book Boutique.
 33551 | Bazaar   | Found Cuecvuin's Assorted Antiques.
 33559 | Bazaar   | Bought a potion of heal wounds for 80 gold pieces
 33596 | Bazaar   | Bought the Codex of the Remoulded Oath for 336 gold pieces
 33603 | Bazaar   | Learned a level 6 spell: Statue Form
 33795 | Vaults:1 | Reached skill level 1 in Earth Magic
 33893 | Vaults:1 | Noticed Zenata
 33908 | Vaults:1 | Killed Zenata
 34249 | Vaults:1 | Reached XP level 20. HP: 180/180 MP: 30/30
 34581 | Vaults:1 | Found a portal to a secret trove of treasure.
 34957 | Lair:4   | Killed Hiywul's ghost
 35131 | Snake:2  | Bought a potion of haste for 130 gold pieces
 35169 | Snake:2  | Bought a potion of haste for 180 gold pieces
 35435 | Vaults:1 | You paid a toll of 6 potions of haste to enter a treasure
                  | trove
 35436 | Trove    | Entered a treasure trove
 35458 | Trove    | Got Sif Muna's Verses on Misfortune and Diablerie
 35481 | Trove    | Identified the amulet of Ciwarau {Faith rElec Int+2}
 35483 | Trove    | Identified the amulet of Bihegennex {Regen+ Str+6}
 36203 | Vaults:2 | Reached skill level 5 in Transmutations
 36428 | Vaults:2 | Reached skill level 23 in Unarmed Combat
 36812 | Vaults:2 | Found a staircase to the Crypt.
 37697 | Vaults:3 | Found Deeseul's Antique Weapon Shoppe.
 38828 | Vaults:4 | Found a crumbling gateway.
 38840 | Desolati | Entered the Desolation of Salt
 38893 | Desolati | Reached XP level 21. HP: 192/192 MP: 31/31
 38913 | Desolati | Identified the amulet "Maring" {Acrobat Harm Fly}
 38919 | Desolati | Identified the staff of poison "Sokumiuk" {rPois rCorr
                  | Dex+2 Stlth+}
 39177 | Desolati | Reached skill level 5 in Earth Magic
 39484 | Desolati | Identified the +8 morningstar of Royalism {venom, Str+4
                  | Int-5}
 39488 | Desolati | Got Sif Muna's Encyclopedia of Spectral Topology
 39511 | Desolati | Identified the +10 halberd of Calculation {freeze, Str+4}
 39512 | Desolati | Identified the +3 leather armour "Mefom" {rF+}
 39575 | Desolati | Identified the amulet of Xom's Fair Game {Reflect Harm
                  | Rampage rN+ Dex+3 SH+5}
 40245 | Vaults:4 | Noticed Sojobo
 40245 | Vaults:4 | Noticed Frederick
 40272 | Vaults:4 | Killed Sojobo
 40410 | Vaults:4 | Killed Frederick
 40916 | Vaults:4 | Gained mutation: You are partially covered in iridescent
                  | scales. (AC +2) [potion of mutation]
 40916 | Vaults:4 | Gained mutation: You are robust. (+10% HP) [potion of
                  | mutation]
 40916 | Vaults:4 | Gained mutation: You have an increased reservoir of magic.
                  | (+10% MP) [potion of mutation]
 40916 | Vaults:4 | Gained mutation: Your flesh is heat resistant. (rF+)
                  | [potion of mutation]
 40927 | Vaults:5 | Entered Level 5 of the Vaults
 40928 | Vaults:5 | Noticed a golden dragon
 41150 | Vaults:4 | Killed a golden dragon
 41345 | Vaults:4 | Reached skill level 24 in Unarmed Combat
 41476 | Vaults:5 | Identified the +5 flail of Fate {freeze, rPois}
 41498 | Vaults:4 | Reached XP level 22. HP: 116/224 MP: 35/35
 41891 | Vaults:5 | Noticed an ancient lich
 41914 | Vaults:4 | Killed an ancient lich
 41960 | Vaults:5 | Noticed a golden dragon
 41962 | Abyss:3  | Cast into level 3 of the Abyss (a deep elf sorcerer)
 42033 | Abyss:3  | Found a corrupted altar of Lugonu.
 42432 | Vaults:5 | Escaped the Abyss
 42441 | Vaults:4 | Killed a golden dragon
 42475 | Vaults:5 | Noticed a dread lich
 42665 | Vaults:4 | Killed a dread lich
 43204 | Vaults:5 | Noticed a golden dragon
 43344 | Vaults:5 | Identified the +4 short sword of Obsession {flame, rF+
                  | Dex+4}
 43344 | Vaults:5 | Identified the +2 leather armour of Cheibriados's Delight
                  | {rPois Will+ Str+3}
 43352 | Vaults:4 | Killed a golden dragon
 44253 | Vaults:5 | Identified the ring "Vangye" {Wiz *Corrode Fly Int+4
                  | Slay+3}
 44267 | Vaults:5 | Reached skill level 10 in Fighting
 44641 | Vaults:5 | Identified the +1 ice dragon scales of Omission {rElec rF-
                  | rC++ Str+3}
 44898 | Vaults:5 | Identified the +9 ice dragon scales of Tawak {*Corrode
                  | Drain rF- rC++ Str+5}
 45028 | Vaults:5 | Found Peguhen's Antique Armour Shoppe.
 45076 | Vaults:5 | Got a silver rune of Zot
 45284 | Crypt:1  | Entered Level 1 of the Crypt
 45770 | Crypt:1  | Reached XP level 23. HP: 222/225 MP: 36/36
 46712 | Crypt:2  | Learned a level 5 spell: Blade Hands
 47312 | Crypt:3  | Entered Level 3 of the Crypt
 47480 | Crypt:3  | Noticed Saint Roka
 47499 | Crypt:3  | Killed Saint Roka
 47587 | Crypt:3  | Found a basalt altar of Yredelemnul.
 47858 | Crypt:3  | Identified the +5 trident of Watchfulness {freeze, Str-4
                  | Int+2 Dex+3}
 47859 | Crypt:3  | Identified the ring "Lasugh" {Contam rElec rN+ rCorr
                  | Stlth+}
 47859 | Crypt:3  | Identified the ring of Xoypydur {rElec rC- rN+ Int-2 Dex+9}
 47859 | Crypt:3  | Identified the ring "Okhoomo" {rN+ Will+ Str+3}
 48038 | Crypt:3  | Reached skill level 25 in Unarmed Combat
 49028 | Crypt:3  | Found a staircase to the Tomb.
 49489 | Depths:1 | Entered Level 1 of the Depths
 49572 | Depths:1 | Found an ancient bone altar of Kikubaaqudgha.
 49625 | Depths:1 | Found a gateway to Hell.
 50008 | Depths:1 | Found Voykuh Filly's Magic Scroll Boutique.
 50013 | Depths:1 | Found Faogemoi's Antique Armour Boutique.
 50016 | Depths:1 | Bought a scroll of summoning for 161 gold pieces
 50016 | Depths:1 | Bought a scroll of teleportation for 51 gold pieces
 50016 | Depths:1 | Bought a scroll of teleportation for 51 gold pieces
 50016 | Depths:1 | Bought a scroll of teleportation for 51 gold pieces
 50016 | Depths:1 | Bought a scroll of fear for 68 gold pieces
 50432 | Depths:2 | Noticed a caustic shrike
 50433 | Depths:2 | Noticed Vv
 50438 | Depths:2 | Killed a caustic shrike
 50455 | Depths:2 | Killed Vv
 50620 | Depths:2 | Got the Omnibus of the Different Fair Folk
 50622 | Depths:2 | Identified the staff of air "Uqorour" {rElec rF+++ Will+++
                  | Str-4 Dex-5}
 50625 | Depths:2 | Got Sif Muna's Octavo of Impure Electrocution
 50640 | Depths:2 | Found a one-way gate leading to the halls of Pandemonium.
 50646 | Depths:2 | Noticed a juggernaut
 50649 | Depths:2 | You are sucked into a shaft and drop 1 floor!
 50700 | Depths:3 | Reached XP level 24. HP: 224/249 MP: 37/37
 50739 | Depths:3 | Paralysed by a floating eye for 4 turns
 51228 | Depths:3 | Found a one-way gateway to a ziggurat.
 51485 | Depths:3 | Found a one-way gate to the infinite horrors of the Abyss.
 51500 | Depths:3 | Found a stormy altar of Qazlal.
 51703 | Depths:3 | Found a runed door.
 52107 | Depths:3 | Noticed a dread lich
 52112 | Depths:3 | Noticed an ancient lich
 52119 | Depths:3 | Killed an ancient lich
 52122 | Depths:3 | Killed a dread lich
 52161 | Depths:3 | Identified the ring "Irgheiw" {*Corrode MP+9 Str+6 Dex+3
                  | SInv}
 52456 | Depths:2 | Found a corrupted altar of Lugonu.
 52642 | Depths:2 | Killed a juggernaut
 52827 | Depths:2 | Found a sparkling altar of Nemelex Xobeh.
 53091 | Depths:4 | Entered Level 4 of the Depths
 53411 | Depths:4 | Reached skill level 26 in Unarmed Combat
 53565 | Depths:4 | Found a runed translucent door.
 53615 | Depths:4 | Noticed 333guts333's ghost (adept MiGl)
 53881 | Depths:4 | Found a gate to the Realm of Zot.
 53914 | Depths:4 | Reached XP level 25. HP: 151/262 MP: 38/38
 54010 | Depths:4 | Identified the +4 broad axe of Erghoelep {pain, Str+3}
 54438 | Depths:4 | Killed 333guts333's ghost
 54463 | Depths:4 | Got the Treatise on Geomancy
 54749 | Slime:1  | Entered Level 1 of the Pits of Slime
 54793 | Slime:1  | Reached skill level 10 in Transmutations
 55080 | Slime:2  | Found a viscous altar of Jiyva.
 55339 | Slime:5  | Entered Level 5 of the Pits of Slime
 55399 | Slime:4  | Gained mutation: Your flesh is cold resistant. (rC+) [a
                  | shining eye]
 55664 | Slime:5  | Gained mutation: Your body sometimes deteriorates upon
                  | taking damage. [a shining eye]
 55666 | Slime:5  | Gained mutation: Your body often deteriorates upon taking
                  | damage. [a shining eye]
 55716 | Slime:5  | Noticed the Royal Jelly
 55951 | Slime:5  | Lost mutation: You have an increased reservoir of magic.
                  | (+10% MP) [a shining eye]
 55962 | Slime:5  | Found a viscous altar of Jiyva.
 55962 | Slime:5  | Found the +12 glaive of Prune {freeze, Prune}
 56022 | Slime:5  | Killed the Royal Jelly
 56541 | Slime:5  | Identified the ring of Bupaav {Wiz rN+ Will- Int+5}
 56550 | Slime:5  | Identified the +0 plate armour "Rajegiso" {rElec rN+
                  | Stlth-}
 56551 | Slime:5  | Identified the staff of fire "Maqib" {+Blink rPois rF+ rN+}
 56579 | Slime:5  | Got a slimy rune of Zot
 56580 | Slime:5  | Identified the +2 hand axe of Dodiasixy {vamp, rF+ rCorr
                  | Str-3 Dex+3}
 56607 | Slime:5  | Acquired the +1 tower shield "Meonkefe" {rC++}
 57020 | Depths:2 | Voluntarily entered the Abyss.
 57076 | Abyss:3  | Found a corrupted altar of Lugonu.
 57207 | Abyss:3  | Found a corrupted altar of Lugonu.
 57337 | Abyss:3  | Gained mutation: Armour fits poorly on your strangely
                  | shaped body. [a neqoxec]
 57827 | Abyss:3  | Gained mutation: You are weak. (Str -2) [a neqoxec]
 57848 | Abyss:3  | Reached skill level 15 in Invocations
 58101 | Abyss:3  | Found a corrupted altar of Lugonu.
 58119 | Depths:2 | Escaped the Abyss
 58223 | Depths:2 | Voluntarily entered the Abyss.
 58308 | Abyss:3  | Paralysed by accursed screaming for 1 turns
 58415 | Abyss:3  | Reached skill level 27 in Unarmed Combat
 58482 | Depths:2 | Escaped the Abyss
 58484 | Depths:2 | Voluntarily entered the Abyss.
 58539 | Abyss:3  | Gained mutation: You occasionally shout uncontrollably at
                  | your foes. [a neqoxec]
 58556 | Depths:2 | Escaped the Abyss
 58761 | Depths:2 | Voluntarily entered the Abyss.
 58772 | Abyss:3  | Found a corrupted altar of Lugonu.
 58818 | Depths:2 | Escaped the Abyss
 58820 | Depths:2 | Voluntarily entered the Abyss.
 58882 | Abyss:3  | Found a corrupted altar of Lugonu.
 58937 | Abyss:3  | Reached XP level 26. HP: 275/275 MP: 35/35
 58966 | Abyss:3  | Gained mutation: You are very weak. (Str -4) [a shining
                  | eye]
 59468 | Depths:2 | Escaped the Abyss
 59617 | Depths:2 | Voluntarily entered the Abyss.
 59886 | Abyss:3  | Gained mutation: You are clumsy. (Dex -2) [a neqoxec]
 59886 | Abyss:3  | Gained mutation: You occasionally lose the ability to read
                  | scrolls when taking damage. [a neqoxec]
 59893 | Abyss:3  | Reached skill level 10 in Spellcasting
 59912 | Abyss:3  | Got an abyssal rune of Zot
 59966 | Depths:2 | Escaped the Abyss
 60087 | Depths:2 | Lost mutation: You occasionally lose the ability to read
                  | scrolls when taking damage. [potion of mutation]
 60087 | Depths:2 | Lost mutation: You are very weak. (Str -4) [potion of
                  | mutation]
 60087 | Depths:2 | Lost mutation: Your flesh is cold resistant. (rC+) [potion
                  | of mutation]
 60087 | Depths:2 | Gained mutation: You have a pair of small antennae on your
                  | head. [potion of mutation]
 60088 | Depths:2 | Lost mutation: You are robust. (+10% HP) [potion of
                  | mutation]
 60088 | Depths:2 | Lost mutation: You are partially covered in iridescent
                  | scales. (AC +2) [potion of mutation]
 60088 | Depths:2 | Gained mutation: You have large cloven feet. [potion of
                  | mutation]
 60088 | Depths:2 | Lost mutation: You are weak. (Str -2) [potion of mutation]
 60089 | Depths:2 | Lost mutation: You occasionally shout uncontrollably at
                  | your foes. [potion of mutation]
 60089 | Depths:2 | Lost mutation: Your body often deteriorates upon taking
                  | damage. [potion of mutation]
 60089 | Depths:2 | Gained mutation: You have very sharp teeth. [potion of
                  | mutation]
 60146 | Depths:2 | Voluntarily entered the Abyss.
 60190 | Abyss:3  | Reached skill level 10 in Earth Magic
 60203 | Abyss:4  | Found a corrupted altar of Lugonu.
 60204 | Abyss:4  | Found a corrupted altar of Lugonu.
 60276 | Abyss:6  | Found a corrupted altar of Lugonu.
 60328 | Depths:2 | Escaped the Abyss
 60754 | Zot:1    | Entered Level 1 of the Realm of Zot
 61165 | Zot:1    | Noticed Parghit
 61180 | Zot:1    | Killed Parghit
 64385 | Zot:3    | Reached XP level 27. HP: 174/262 MP: 29/36
 64747 | Zot:3    | HP: 12/250 [purple draconian/bolt of dispelling energy
                  | (25)]
 64989 | Zot:3    | Found a transporter.
 65278 | Zot:3    | You are sucked into a shaft and drop 1 floor!
 65609 | Zot:3    | Noticed an orb of fire
 65622 | Zot:3    | Gained mutation: You are frail. (-10% HP) [an orb of fire]
 65699 | Zot:3    | Found a transporter.
 65706 | Zot:3    | Lost mutation: You are clumsy. (Dex -2) [potion of
                  | mutation]
 65706 | Zot:3    | Lost mutation: Your flesh is heat resistant. (rF+) [potion
                  | of mutation]
 65706 | Zot:3    | Lost mutation: You have very sharp teeth. [potion of
                  | mutation]
 65706 | Zot:3    | Gained mutation: You are vulnerable to cold. (rC-) [potion
                  | of mutation]
 65707 | Zot:3    | Lost mutation: You are vulnerable to cold. (rC-) [potion of
                  | mutation]
 65707 | Zot:3    | Lost mutation: Your body sometimes deteriorates upon taking
                  | damage. [potion of mutation]
 65707 | Zot:3    | Lost mutation: You have a pair of small antennae on your
                  | head. [potion of mutation]
 65707 | Zot:3    | Gained mutation: You are dopey. (Int -2) [potion of
                  | mutation]
 65707 | Zot:3    | Gained mutation: Your spells are a little harder to cast,
                  | but a little more powerful. [potion of mutation]
 65708 | Zot:3    | Lost mutation: Armour fits poorly on your strangely shaped
                  | body. [potion of mutation]
 65708 | Zot:3    | Lost mutation: Your spells are a little harder to cast, but
                  | a little more powerful. [potion of mutation]
 65708 | Zot:3    | Lost mutation: You are frail. (-10% HP) [potion of
                  | mutation]
 65708 | Zot:3    | Gained mutation: You are agile. (Dex +4, Str/Int -1)
                  | [potion of mutation]
 65708 | Zot:3    | Gained mutation: You occasionally lose the ability to drink
                  | potions when taking damage. [potion of mutation]
 66538 | Zot:4    | Identified the staff of cold "Yntokhiriu" {Fragile Fly
                  | rPois rF- rC+}
 66538 | Zot:4    | Identified the ring of the Pharaoh's Fist {Ice rPois rN+++
                  | rCorr Str-2}
 66538 | Zot:4    | Noticed Josephina
 66551 | Zot:4    | Killed Josephina
 66568 | Zot:4    | Found a transporter.
 66659 | Zot:4    | Found a transporter.
 66856 | Zot:4    | Found a transporter.
 66874 | Zot:4    | Found a transporter.
 67158 | Zot:5    | Entered Level 5 of the Realm of Zot
 68474 | Pan      | Entered Pandemonium
 68535 | Pan      | Noticed Eveakoept the pandemonium lord
 68541 | Pan      | Killed Eveakoept the pandemonium lord
 68585 | Pan      | Gained mutation: You are robust. (+10% HP) [a neqoxec]
 68906 | Pan      | Found an exit through the horrors of the Abyss.
 70085 | Pan      | Noticed Dataguv the pandemonium lord
 70092 | Pan      | Killed Dataguv the pandemonium lord
 70159 | Pan      | Got a demonic rune of Zot
 70505 | Pan      | Gained mutation: Potions are less effective at restoring
                  | your health. [a cacodemon]
 70672 | Pan      | Lost mutation: You are robust. (+10% HP) [a cacodemon]
 71052 | Pan      | Gained mutation: You sometimes lose your temper in combat.
                  | [a neqoxec]
 71127 | Pan      | Noticed Iffimot the pandemonium lord
 71143 | Pan      | Killed Iffimot the pandemonium lord
 71410 | Pan      | Lost mutation: Potions are less effective at restoring your
                  | health. [mutagenic glow]
 71418 | Pan      | Gained mutation: You occasionally shout uncontrollably at
                  | your foes. [mutagenic glow]
 71429 | Pan      | Noticed Vumn the pandemonium lord
 71435 | Pan      | Killed Vumn the pandemonium lord
 71923 | Pan      | Reached skill level 10 in Throwing
 72298 | Pan      | Noticed Tugelonoro the pandemonium lord
 72302 | Pan      | Killed Tugelonoro the pandemonium lord
 72499 | Pan      | Reached skill level 15 in Fighting
 72534 | Pan      | Noticed Ignacio
 72537 | Pan      | Killed Ignacio
 72634 | Pan      | Lost mutation: You are agile. (Dex +4, Str/Int -1) [a
                  | neqoxec]
 72653 | Pan      | Noticed Zyomaah the pandemonium lord
 72675 | Pan      | Gained mutation: You are weak. (Str -2) [a neqoxec]
 72676 | Pan      | Lost mutation: You are dopey. (Int -2) [a neqoxec]
 72677 | Pan      | Killed Zyomaah the pandemonium lord
 72678 | Pan      | Lost mutation: You occasionally shout uncontrollably at
                  | your foes. [a neqoxec]
 72678 | Pan      | Gained mutation: You have a somewhat thin skeletal
                  | structure. (Dex +2, Stealth+) [a neqoxec]
 73262 | Pan      | Gained mutation: You have an uncontrollable temper. [a
                  | neqoxec]
 73519 | Pan      | Noticed Mennas
 73523 | Pan      | Killed Mennas
 74130 | Pan      | Noticed Hymmip the pandemonium lord
 74277 | Pan      | Killed Hymmip the pandemonium lord
 74871 | Pan      | Found an exit through the horrors of the Abyss.
 74920 | Pan      | Took an exit into the Abyss.
 74920 | Abyss:6  | Escaped into the Abyss
 74923 | Depths:4 | Escaped the Abyss
 74925 | Pan      | Entered the realm of Gloorx Vloq.
 74925 | Pan      | Entered Pandemonium
 74993 | Pan      | Found an exit through the horrors of the Abyss.
 75329 | Pan      | Noticed Gloorx Vloq
 75342 | Pan      | Killed Gloorx Vloq
 75383 | Pan      | Reached skill level 10 in Dodging
 75438 | Pan      | Got a dark rune of Zot
 75796 | Pan      | Entered the realm of Lom Lobon.
 76157 | Abyss:6  | Cast into level 6 of the Abyss (a wizard)
 76163 | Abyss:7  | Entered Level 7 of the Abyss
 76175 | Abyss:7  | Paralysed by accursed screaming for 2 turns
 76177 | Pan      | Escaped the Abyss
 76485 | Pan      | Noticed Lom Lobon
 76493 | Pan      | Killed Lom Lobon
 76509 | Pan      | Got a magical rune of Zot
 76675 | Pan      | Entered the realm of Cerebov.
 76903 | Pan      | Identified the ring of Qorrieph {rN+ Str+4 Dex-5 Slay+4}
 76910 | Pan      | Identified the +9 quarterstaff of Ilolooxa {freeze, rC-
                  | Will+ Dex+3}
 76912 | Pan      | Identified the +8 long sword "Sarcophage" {drain, +Blink
                  | rElec Int+3}
 76952 | Pan      | Identified the +9 dagger of the Demagogue {freeze, Fly rC-
                  | Str+3 Int+3}
 77039 | Pan      | Found the +6 sword of Cerebov {flame}
 77039 | Pan      | Noticed Cerebov
 77052 | Pan      | Killed Cerebov
 77336 | Pan      | Identified the ring of the Contumacious God {Contam rPois
                  | Will+ MP+9 SInv}
 77354 | Pan      | Identified the staff of cold "Kieshoa" {rF- rC+ Int-2 Dex+8
                  | SInv}
 77356 | Pan      | Identified the ring of Patyroz {rC+ Int+2 Dex-4 SInv}
 77386 | Pan      | Identified the +8 whip "Bowyez" {venom, rPois Str-2 Int+6}
 77552 | Pan      | Identified the +8 chain mail of Fedhas's Supremacy {Fly rC+
                  | Str+3}
 77850 | Pan      | Identified the +8 dagger of Pain and Death {holy, Str+2
                  | Dex+6}
 77888 | Pan      | Got a fiery rune of Zot
 78239 | Pan      | Entered the realm of Mnoleg.
 78244 | Pan      | Gained mutation: You are frail. (-10% HP) [a cacodemon]
 78244 | Pan      | Gained mutation: Your body sometimes deteriorates upon
                  | taking damage. [a cacodemon]
 78246 | Pan      | Gained mutation: You are very weak. (Str -4) [a cacodemon]
 78321 | Pan      | Lost mutation: You are frail. (-10% HP) [a cacodemon]
 78321 | Pan      | Gained mutation: You sometimes lose the ability to drink
                  | potions when taking damage. [a cacodemon]
 78326 | Pan      | Gained mutation: Armour fits poorly on your strangely
                  | shaped body. [a neqoxec]
 78326 | Pan      | Gained mutation: You are vulnerable to heat. (rF-) [a
                  | neqoxec]
 78328 | Pan      | Gained mutation: Your magical capacity is low. (-10% MP) [a
                  | neqoxec]
 78329 | Pan      | Gained mutation: Your body often deteriorates upon taking
                  | damage. [a neqoxec]
 78330 | Pan      | Gained mutation: You have hidden genetic defects. [a
                  | neqoxec]
 78351 | Pan      | Lost mutation: Armour fits poorly on your strangely shaped
                  | body. [potion of mutation]
 78351 | Pan      | Lost mutation: You have large cloven feet. [potion of
                  | mutation]
 78351 | Pan      | Lost mutation: You have an uncontrollable temper. [potion
                  | of mutation]
 78351 | Pan      | Lost mutation: You are vulnerable to heat. (rF-) [potion of
                  | mutation]
 78351 | Pan      | Gained mutation: Your mind is acute. (Int +4, Str/Dex -1)
                  | [potion of mutation]
 78426 | Pan      | Paralysed by a floating eye for 2 turns
 78429 | Pan      | Paralysed by a floating eye for 3 turns
 78434 | Pan      | Paralysed by a floating eye for 3 turns
 78437 | Pan      | Paralysed by a floating eye for 3 turns
 78456 | Pan      | Gained mutation: Your magical capacity is very low. (-20%
                  | MP) [a cacodemon]
 78462 | Pan      | Paralysed by a floating eye for 3 turns
 78493 | Pan      | Noticed Mnoleg
 78505 | Pan      | Gained mutation: You are occasionally teleported next to
                  | monsters. [a shining eye]
 78506 | Pan      | Lost mutation: You are very weak. (Str -4) [a shining eye]
 78586 | Pan      | Gained mutation: You have an uncontrollable temper. [a
                  | cacodemon]
 78608 | Pan      | Gained mutation: Your magical capacity is extremely low.
                  | (-30% MP) [a neqoxec]
 78609 | Pan      | Gained mutation: You are vulnerable to cold. (rC-) [a
                  | neqoxec]
 78611 | Pan      | Gained mutation: You are vulnerable to heat. (rF-) [a
                  | neqoxec]
 78613 | Pan      | Gained mutation: Armour fits poorly on your strangely
                  | shaped body. [a neqoxec]
 78795 | Pan      | Gained mutation: You are frail. (-10% HP) [a neqoxec]
 78801 | Pan      | Lost mutation: You are vulnerable to heat. (rF-) [a
                  | neqoxec]
 78801 | Pan      | Gained mutation: You are vulnerable to heat. (rF-) [a
                  | neqoxec]
 78816 | Pan      | Lost mutation: You are weak. (Str -2) [a neqoxec]
 78824 | Pan      | Killed Mnoleg
 78844 | Pan      | Gained mutation: You are clumsy. (Dex -2) [a cacodemon]
 78871 | Pan      | Gained mutation: You are weak. (Str -2) [hidden defects]
 78877 | Pan      | Lost mutation: Your mind is acute. (Int +4, Str/Dex -1) [a
                  | neqoxec]
 79013 | Pan      | Got a glowing rune of Zot
 79289 | Pan      | Noticed Hyulairch the pandemonium lord
 79294 | Pan      | Killed Hyulairch the pandemonium lord
 79301 | Pan      | HP: 6/248 [blizzard demon/freezing blast (14)]
 79403 | Pan      | Lost mutation: You are frail. (-10% HP) [potion of
                  | mutation]
 79403 | Pan      | Lost mutation: Armour fits poorly on your strangely shaped
                  | body. [potion of mutation]
 79403 | Pan      | Lost mutation: Your body often deteriorates upon taking
                  | damage. [potion of mutation]
 79403 | Pan      | Lost mutation: You are vulnerable to heat. (rF-) [potion of
                  | mutation]
 79404 | Pan      | Lost mutation: You have a somewhat thin skeletal structure.
                  | (Dex +2, Stealth+) [potion of mutation]
 79404 | Pan      | Lost mutation: You have an uncontrollable temper. [potion
                  | of mutation]
 79404 | Pan      | Lost mutation: You have hidden genetic defects. [potion of
                  | mutation]
 79405 | Pan      | Lost mutation: You are weak. (Str -2) [potion of mutation]
 79405 | Pan      | Lost mutation: You are clumsy. (Dex -2) [potion of
                  | mutation]
 79405 | Pan      | Gained mutation: You have hidden genetic defects. [potion
                  | of mutation]
 79406 | Pan      | Lost mutation: Your body sometimes deteriorates upon taking
                  | damage. [potion of mutation]
 79406 | Pan      | Lost mutation: You sometimes lose your temper in combat.
                  | [potion of mutation]
 79406 | Pan      | Lost mutation: You are occasionally teleported next to
                  | monsters. [potion of mutation]
 79406 | Pan      | Gained mutation: You possess an exceptional clarity of
                  | mind. [potion of mutation]
 79407 | Pan      | Lost mutation: You have hidden genetic defects. [potion of
                  | mutation]
 79407 | Pan      | Lost mutation: You are vulnerable to cold. (rC-) [potion of
                  | mutation]
 79407 | Pan      | Gained mutation: Your skin changes colour to match your
                  | surroundings (Stealth+). [potion of mutation]
 79408 | Pan      | Lost mutation: You sometimes lose the ability to drink
                  | potions when taking damage. [potion of mutation]
 79408 | Pan      | Lost mutation: Your magical capacity is extremely low.
                  | (-30% MP) [potion of mutation]
 79408 | Pan      | Lost mutation: You possess an exceptional clarity of mind.
                  | [potion of mutation]
 79408 | Pan      | Gained mutation: You possess an exceptional clarity of
                  | mind. [potion of mutation]
 79408 | Pan      | Gained mutation: You occasionally shout uncontrollably at
                  | your foes. [potion of mutation]
 79408 | Pan      | Lost mutation: You possess an exceptional clarity of mind.
                  | [potion of mutation]
 79408 | Pan      | Gained mutation: You passively map a small area around you.
                  | [potion of mutation]
 79409 | Pan      | Lost mutation: Your magical capacity is very low. (-20% MP)
                  | [potion of mutation]
 79409 | Pan      | Lost mutation: You occasionally lose the ability to drink
                  | potions when taking damage. [potion of mutation]
 79409 | Pan      | Lost mutation: You occasionally shout uncontrollably at
                  | your foes. [potion of mutation]
 79409 | Pan      | Gained mutation: You are covered in thick fur. (AC +2)
                  | [potion of mutation]
 79409 | Pan      | Gained mutation: You occasionally lose the ability to drink
                  | potions when taking damage. [potion of mutation]
 79417 | Pan      | Found an exit through the horrors of the Abyss.
 79425 | Pan      | Took an exit into the Abyss.
 79425 | Abyss:7  | Escaped into the Abyss
 79425 | Abyss:7  | Entered Level 7 of the Abyss
 79431 | Abyss:7  | Found a corrupted altar of Lugonu.
 79448 | Abyss:7  | Noticed an ancient lich
 79456 | Abyss:7  | Killed an ancient lich
 79486 | Abyss:7  | Paralysed by accursed screaming for 1 turns
 79498 | Abyss:7  | Gained mutation: Your mind is acute. (Int +4, Str/Dex -1)
                  | [a neqoxec]
 79500 | Abyss:7  | Paralysed by accursed screaming for 2 turns
 79545 | Depths:4 | Escaped the Abyss
 80113 | Zot:5    | Learned a level 2 spell: Blink
 80116 | Zot:5    | Noticed a dread lich
 80121 | Zot:5    | Killed a dread lich
 80135 | Zot:5    | Noticed an ancient lich
 80136 | Zot:5    | Noticed an orb of fire
 80136 | Zot:5    | Noticed an ancient lich
 80136 | Zot:5    | Noticed an ancient lich
 80136 | Zot:5    | Noticed a dread lich
 80139 | Zot:5    | Gained mutation: Your magical capacity is very low. (-20%
                  | MP) [an orb of fire]
 80142 | Zot:5    | Paralysed by a Zot trap for 4 turns
 80152 | Zot:5    | Killed an orb of fire
 80154 | Zot:5    | Killed an ancient lich
 80158 | Zot:5    | Killed an ancient lich
 80160 | Zot:5    | Killed an ancient lich
 80165 | Zot:5    | Gained mutation: You are clumsy. (Dex -2) [a cacodemon]
 80166 | Zot:5    | Paralysed by something for 4 turns
 80174 | Zot:5    | Killed a dread lich
 80264 | Zot:5    | Noticed a dread lich
 80266 | Zot:5    | Paralysed by something for 4 turns
 80269 | Zot:5    | Killed a dread lich
 80361 | Zot:5    | Noticed a dread lich
 80368 | Zot:5    | Killed a dread lich
 80383 | Zot:5    | Got the Orb of Zot
 80388 | Zot:5    | Noticed a seraph
 80397 | Zot:5    | Noticed an orb of fire
 80398 | Zot:5    | Killed a seraph
 80400 | Zot:5    | Gained mutation: You are frail. (-10% HP) [an orb of fire]
 80401 | Zot:5    | Gained mutation: Armour fits poorly on your strangely
                  | shaped body. [an orb of fire]
 80402 | Zot:5    | Killed an orb of fire
 80405 | Zot:5    | Noticed an ancient lich
 80431 | Zot:5    | Killed an ancient lich
 80470 | Zot:5    | Noticed Koler the pandemonium lord
 80475 | Zot:5    | Killed Koler the pandemonium lord
 80499 | Zot:5    | Noticed a seraph
 80512 | Zot:5    | Killed a seraph
 80935 | D:12     | Noticed Qaxy the pandemonium lord
 80941 | D:12     | Killed Qaxy the pandemonium lord
 81315 | D:$      | Escaped with the Orb!

Illustrated notes

Levels and vault maps discovered:
D:1:      ldierk_walled_garden, layout_loops_ring
D:2:      layout_loops_ring, basic_altar, minmay_misc_feat_pillars,
          minmay_vboxes
D:3:      layout_rooms, nicolae_ru_great_annihilating_truth, minivault_24
D:4:      layout_cave_pools, nicolae_shop_clearance
D:5:      cheibrodos_two_vegetables, layout_cave_pools,
          nicolae_overflow_hallway_of_the_gods, marbit_many_paths,
          nicolae_ossuary_entry_ruins, gammafunk_ghost_grave,
          uniq_crazy_yiuf_cottage, uniq_edmund
D:6:      layout_basic, fedhas_altar_4, minmay_temple_entry_nine_rooms
D:7:      nicolae_cairo_tiling_large, layout_loops_ring, enter_bailey_2,
          uniq_maggie, uniq_duvessa
D:8:      nzn_winding_woodlands_small [nzn_winding_woodlands_5x15_zeroes,
          nzn_winding_woodlands_center_triple_pond,
          nzn_winding_woodlands_5x15_sidewinder], layout_rooms
D:9:      layout_loops_corners
D:10:     layout_gridville, lemuel_crystal_altar, hellmonk_lair_entry_icy,
          david_orc_3, uniq_erica
D:11:     layout_roguey [special_room_kobold], gauntlet_entry_generic,
          uniq_lodul
D:12:     layout_loops_ring, gammafunk_ghost_stat_death, serial_shops, shop,
          corexii_leaking_fountain, brannock_xom_greatest_gift
D:13:     layout_gridville, hangedman_vaults_entry_quadrant_bands
D:14:     layout_loops_corners, serial_shops, bzr_in_the_mist,
          chequers_serial_rivers_micro_e, nicolae_diode_basic
D:15:     grunt_enter_depths_magical_seal, layout_rooms, pf_eden, uniq_kirke
Lair:1:   layout_gridlike, gammafunk_ghost_necromancy
Lair:2:   lemuel_slime, layout_long_grid, infiniplex_staircase_pool,
          grunt_megastairs_5, uniq_fannar, uniq_sonja, uniq_amaemon
Lair:3:   layout_gridlike, nicolae_swamp_entry_splash_gauntlet,
          guppyfry_snake_entry_garden
Lair:4:   beargit_carnivore_pack, layout_cave_shapes,
          nicolae_slime_entry_slimehenge, nzn_ghost_randoct
Lair:5:   evilmike_catoblepas_cave, layout_layer_cave
Swamp:1:  nicolae_swamp_decorative_isthmus, layout_basic_swamp,
          evilmike_swamp_ruin_house_5
Swamp:2:  layout_basic_swamp, evilmike_swamp_ruin_rubble_2
Swamp:3:  layout_basic_swamp, hangedman_swamp_ruin_hall, swamp_pool1,
          uniq_nikola, uniq_mara
Swamp:4:  swamp_pestilence, layout_basic_swamp, swamp_pool2, uniq_donald
Snake:1:  layout_rooms, grunt_megastairs_2
Snake:2:  layout_layer_cave, serial_shops, shop, nicolae_shop_rolling_square,
          nicolae_shop_trees, nicolae_shop_tiny_real_fake_doors,
          nicolae_snake_storage_room, uniq_aizul
Snake:3:  layout_cave_town, basic_altar, minmay_shop_grove, grunt_megastairs_1,
          uniq_vashnia
Snake:4:  grunt_snake_rune_serpentine_throne, layout_onion_interference,
          gammafunk_ghost_grave, drop_trap
Slime:1:  cheibrodos_slime_lost_civilization_9, layout_caves
Slime:2:  layout_caves, basic_altar, nicolae_slime_welcoming_committee
Slime:3:  layout_caves, nicolae_slime_crime_time
Slime:4:  layout_caves
Slime:5
Orc:1:    layout_caves
Orc:2:    st_orc_mages, layout_caves
Elf:1:    layout_loops_cross, hangedman_elven_crosses_minicolossus, drop_trap
Elf:2:    nicolae_elf_blades_splatter_lattice
          [nicolae_blade_entry_hurt_lockers], layout_rooms, minivault_5
Elf:3:    elf_hall, layout_gridlike, serial_shops,
          nicolae_shop_just_a_little_nook, statue_in_the_mist_lemuel
Vaults:1: mu_enter_wizlab_4, ontoclasm_vaults_spin, st_more_cells, v_pattern_2,
          vaults_room_octagon, hangedman_vaults_snaps, vaults_standard_mumra_x,
          ontoclasm_vaults_ligature, nicolae_vaults_sightless_eye,
          hangedman_vaults_maws, nicolae_vaults_tetromino_L_1, v_misc_23,
          layout_vaults_ring, nicolae_trove_entry_path_of_doom, serial_shops,
          bzr_entry_safe, uniq_zenata
Vaults:2: v_rooms_4, nicolae_vaults_little_squares_5, v_misc_14,
          grunt_vaults_funnel, st_spiral_rooms, nicolae_vaults_two_Ls,
          ontoclasm_vaults_gateway, vaults_room_pool, layout_vaults_omnigrid,
          blue_anna_dwarven_crypt
Vaults:3: vaults_dpeg_ring, hangedman_vaults_corner_blocks, st_lines,
          vaults_dpeg_doors, v_pattern_3, v_misc_23, hangedman_vaults_slice,
          ontoclasm_vaults_bender, nicolae_vaults_storage_closets_3,
          nicolae_vaults_mitosis, nicolae_vaults_trapezoid_3, v_misc_24,
          nicolae_vaults_more_shelving_1, vaults_room_hallway,
          layout_vaults_big_cross, serial_shops, shop
Vaults:4: portal_desolation_entry_nicolae_slug, nicolae_vaults_big_angled_halls,
          v_misc_5, nicolae_vaults_shipping_containers_4,
          nicolae_vaults_closet_pinwheel_4, v_misc_27, dpeg_vaults_monster_row,
          v_misc_18, nicolae_vaults_diamond_1, nicolae_vaults_prndl,
          nicolae_vaults_surprise_closet, layout_vaults_omnibox, serial_glass,
          uniq_frederick, uniq_sojobo
Vaults:5: serial_shops
Crypt:1:  layout_misc_corridors, grunt_megastairs_4
Crypt:2:  layout_basic
Crypt:3:  church_of_pain_bobbens, layout_chaotic_city,
          nicolae_tomb_entry_unfolded_pyramid_orthogonal, uniq_saint_roka
Depths:1: layout_forbidden_donut, grunt_mini_vestibule,
          serial_sigils_hangedman_stare, kiku_gazebo_garden_becter,
          minmay_shop_star
Depths:2: grunt_x_marks_the_spot, layout_cave_pools, hangedman_geh_valley,
          pan_entry, nemelex_lonely_heart_becter, abyss_entry_flame_altar,
          serial_bayou_shore_a, uniq_vv
Depths:3: evilmike_wizard_prison, layout_gridlike, enter_ziggurat_f,
          abyss_entry_glasseish, grunt_hell_entry_dis_grunt,
          nicolae_qazlal_style_of_elements
Depths:4: grunt_zot_entry_tricorne, layout_basic, rand_demon_pan_entry_9,
          nrook_campfire, pf_hell_entry_tar_spiral, hellmonk_ghost_big_iron,
          item_on_display_a
Zot:1:    layout_gridlike, hangedman_snake_sidewinding, uniq_parghit
Zot:2:    lemuel_draconian_sentries, layout_gridlike
Zot:3:    gammafunk_dig_for_victory, layout_twisted_circle
Zot:4:    layout_cellular_growth, nicolae_transporter_intersection,
          uniq_josephina
Zot:5:    layout_gridlike

Skill      XL: |  1  2  3  4  5  6  7  8  9 10 11 12 13 14 15 16 17 18 19 20 21 22 23 24 25 26 27 |
---------------+----------------------------------------------------------------------------------+-----
Shields        | 3 4 5 6 7 8 9 10 11 12 13 14 15 16 17 18 19 20 26 | 26.1
Dodging        | 3 4 5 13 | 13.8
Unarmed Combat | 3 4 5 7 9 12 14 16 17 19 20 21 22 23 24 25 26 27 | 27.0
Invocations    | 1 2 3 5 6 7 8 10 11 12 13 14 15 | 15.5
Fighting       | 3 4 5 6 7 8 9 10 11 12 13 17 | 17.6
Stealth        | 1 2 |  2.5
Throwing       | 1 2 3 4 5 6 7 8 14 | 14.6
Armour         | 2 4 5 6 8 9 10 11 12 13 14 | 14.9
Spellcasting   | 3 4 5 6 7 8 9 10 14 | 14.3
Transmutations | 2 4 5 7 8 9 10 11 12 | 12.1
Earth Magic    | 2 4 6 7 8 9 10 11 | 11.5
Evocations     | |  0.2

Action                     |  1- 3 |  4- 6 |  7- 9 | 10-12 | 13-15 | 16-18 | 19-21 | 22-24 | 25-27 || total
---------------------------+-------+-------+-------+-------+-------+-------+-------+-------+-------++-------
  Melee: Unarmed           |   106 |   192 |   183 |   521 |   953 |  1368 |  1715 |  1856 |  4129 || 11023
         Headbutt          |       |       |       |       |       |       |   125 |     7 |       ||   132
         Kick              |       |       |       |       |       |       |   213 |    11 |   839 ||  1063
         Bite              |       |       |       |       |       |       |       |       |   118 ||   118
  Throw: Large rock        |       |     4 |    17 |     1 |    20 |    69 |    49 |    65 |    65 ||   290
         Boomerang         |       |       |    11 |    60 |   104 |       |     1 |       |    64 ||   240
         Javelin           |       |       |       |    10 |       |       |    12 |       |    12 ||    34
   Cast: Beastly Appendage |       |       |       |       |       |       |    49 |     4 |     1 ||    54
         Blade Hands       |       |       |       |       |       |       |       |     1 |       ||     1
         Statue Form       |       |       |       |       |       |       |       |       |   255 ||   255
         Blink             |       |       |       |       |       |       |       |       |     3 ||     3
 Invoke: Step From Time    |       |       |       |     1 |       |     3 |     4 |     1 |    21 ||    30
         Slouch            |       |       |       |       |     9 |     8 |     6 |    13 |     3 ||    39
         Temporal Distorti |       |       |       |       |       |       |     1 |       |       ||     1
  Evoke: Wand              |       |       |       |       |       |       |     6 |       |    10 ||    16
    Use: Scroll            |       |       |    13 |     4 |    13 |     5 |    12 |     3 |    22 ||    72
         Potion            |       |       |       |       |       |     8 |     6 |       |    33 ||    47
   Stab: Paralysed         |       |     2 |       |       |       |       |       |       |       ||     2
         Invisible         |       |     1 |       |       |       |       |       |       |       ||     1
         Sleeping          |       |     1 |       |       |       |       |       |       |     1 ||     2
         Petrified         |       |       |       |       |     5 |       |       |       |     1 ||     6
         Petrifying        |       |       |       |       |     3 |       |       |       |     1 ||     4
         Distracted        |       |       |       |       |       |     1 |       |     1 |     4 ||     6
 Armour: Robe              |    38 |    50 |    26 |       |       |       |       |       |    73 ||   187
         Gold dragon scale |       |       |       |   296 |   415 |   584 |   703 |   768 |   939 ||  3705
         Skin              |       |       |       |       |       |       |       |       |  1020 ||  1020
  Dodge: Dodged            |    49 |    65 |    83 |   182 |   697 |   926 |   928 |  1057 |  4391 ||  8378
         Repelled          |       |       |       |       |       |    25 |    31 |    28 |   100 ||   184
  Block: Kite shield       |    49 |    87 |   108 |   363 |   801 |  1364 |  1405 |  1560 |  2005 ||  7742
         Tower shield      |       |       |       |       |       |       |       |       |  4095 ||  4095
